 Dungeon Crawl Stone Soup version 0.23-a0-241-g3b46b07 (webtiles) character file.

61 Felrender the Covered (level 3, 0/33 HPs)
             Began as a Minotaur Fighter on Sept 26, 2018.
             Killed from afar by a giant cockroach (33 damage)
             ... with an exploding inner flame
             ... hexed by the player character
             ... on level 2 of the Dungeon.
             The game lasted 00:02:10 (1520 turns).

Felrender the Covered (Minotaur Fighter)            Turns: 1520, Time: 00:02:10

Health: 0/33       AC:  7    Str: 21    XL:     3   Next: 83%
Magic:  2/2        EV:  7    Int:  5    God:
Gold:   84         SH: 10    Dex:  9    Spells: 2/2 levels left

rFire    . . .     SeeInvis .   a - +1 war axe
rCold    . . .     Gourm    .   c - +1 shield
rNeg     . . .     Faith    .   b - +0 scale mail
rPois    .         Spirit   .   (helmet restricted)
rElec    .         Reflect  .   (no cloak)
rCorr    .         Harm     .   (no gloves)
MR       .....                  (no boots)
Stlth    ..........             (no amulet)
HPRegen  0.11/turn              (no ring)
MPRegen  0.08/turn              (no ring)

@: no status effects
A: retaliatory headbutt, horns 2
a: no special abilities


You were on level 2 of the Dungeon.
You were not hungry.

You visited 1 branch of the dungeon, and saw 2 of its levels.

You collected 84 gold pieces.

Inventory:

Hand Weapons
 a - a +1 war axe (weapon)
 n - a +0 dagger
Missiles
 o - 8 tomahawks (quivered)
Armour
 b - a +0 scale mail (worn)
 c - a +1 shield (worn)
 i - a +0 plate armour
 q - a cursed +0 plate armour
Jewellery
 g - an uncursed amulet of faith {unknown}
Scrolls
 l - a scroll of teleportation
Potions
 d - 2 potions of might
 e - a potion of resistance {unknown}
 h - 3 potions of curing {unknown}
 j - a potion of haste {unknown}
 k - a potion of heal wounds {unknown}
 p - a potion of mutation {unknown}
Comestibles
 f - 2 rations
 m - 9 chunks of flesh


   Skills:
 + Level 4.1 Fighting
 + Level 2.8 Axes
 * Level 4.5 Armour
 + Level 0.5 Dodging
 * Level 4.3 Shields


You had 2 spell levels left.
You didn't know any spells.
Your spell library was empty.

Dungeon Overview and Level Annotations

Branches:
Dungeon (2/15)

Altars:


Innate Abilities, Weirdness & Mutations

You reflexively headbutt those who attack you in melee.
You have a pair of horns on your head.


Message History

You kill the leopard gecko!
You see here a bat corpse.
You butcher the bat corpse.
m - 9 chunks of flesh (gained 1)
You see here a bat skeleton.
s - a scroll labeled WIENOY KYPINO
As you read the scroll labeled OCHOZ RONYVAAH, it crumbles to dust.
It is a scroll of identify.
q - a cursed +0 plate armour
As you read the scroll labeled WIENOY KYPINO, it crumbles to dust.
The creatures around you are filled with an inner flame!
It was a scroll of immolation.
You closely miss the giant cockroach.
The giant cockroach bites you but does no damage.
You block the giant cockroach's attack.
You slash the giant cockroach!
The giant cockroach explodes!
The fiery explosion engulfs you!
Ouch! That really hurt!
You die...

###########
#...#.%...# ####
###...#.# #.# #...
#####.......# #.#
##.## .....§§.....#
#.# #.... .###§§@....#
#.# #..##
#...§#§..#.###.####..#
##.. #...#.......##..#
#.. ..###........÷÷..#
#.#
###...##.###..##### .
#### #.# #..# #.# #..#
#.# #..# #.# #..##


There were no monsters in sight!

Vanquished Creatures
  2 adders (D:2)
  An ooze (D:2)
  A dart slug (D:2)
  4 leopard geckos
  3 bats
  A giant cockroach (D:2)
  2 goblins (D:2)
  3 hobgoblins
  4 jackals (D:2)
  4 kobolds
  A quokka (D:2)
  2 frilled lizards
  3 rats
31 creatures vanquished.

Notes
Turn   | Place    | Note
-------+----------+-------------------------------------------
     0 | D:1      | Felrender the Minotaur Fighter began the quest for the Orb.
     0 | D:1      | Reached XP level 1. HP: 19/19 MP: 0/0
   535 | D:1      | Reached XP level 2. HP: 27/27 MP: 1/1
  1142 | D:2      | Reached XP level 3. HP: 26/33 MP: 2/2
  1520 | D:2      | Killed from afar by a giant cockroach

Vault maps used:
D:1:      saegor_arrival_simple_b
D:2:      zin_purify, first_ration, minmay_misc_feat_four_crosses

Skill      XL: |  1  2 |
---------------+-------+-----
Fighting       | 4 |  4.1
Armour         | 4 |  4.5
Shields        | 4 |  4.3
Axes           | |  2.8
Dodging        | |  0.5

Action                   || total
-------------------------++-------
Melee: War axe           ||    78
       Headbutt          ||     6
  Use: Scroll            ||     7
  Eat: Ration            ||     1
Armor: Scale mail        ||    46
Dodge: Dodged            ||    28
Block: Shield            ||    54

Table legend:
 A = Non-vault XP
 B = Vault XP
 C = Vault XP percentage of total XP
 D = Non-vault monster count
 E = Vault monster count
 F = Vault count percentage of total count
                 A         B        C        D         E       F
            +---------+---------+-------+---------+---------+-------
      Total |      88 |       0 |   0.0 |      31 |       0 |   0.0
            +---------+---------+-------+---------+---------+-------
        D:1 |      19 |       0 |   0.0 |      11 |       0 |   0.0
        D:2 |      69 |       0 |   0.0 |      20 |       0 |   0.0
            +---------+---------+-------+---------+---------+-------
